 Dungeon Crawl Stone Soup version 0.17-a0-1174-ge06b3cc (webtiles) character file.

1683 vonhedlund the Cleaver (level 9, -5/74 HPs)
             Began as a Hill Orc Hunter on May 29, 2015.
             Was a Follower of Beogh.
             Killed from afar by a gargoyle (12 damage)
             ... with a stone arrow
             ... on level 10 of the Dungeon.
             The game lasted 01:12:32 (6472 turns).

vonhedlund the Cleaver (Hill Orc Hunter)            Turns: 6472, Time: 01:12:33

Health: -5/74      AC: 10    Str: 16      XL:     9   Next: 2%
Magic:  9/9        EV: 11    Int: 11      God:    Beogh [*.....]
Gold:   365        SH:  0    Dex: 11 (13) Spells: 0 memorised, 8 levels left

rFire  . . .     SeeInvis .     F - +0 broad axe
rCold  + . .     Clarity  .     L - +1 leather armour {rC+}
rNeg   . . .     SustAt   .     (no shield)
rPois  .         Gourm    .     u - +0 helmet
rElec  .         Spirit   .     I - +0 cloak
rCorr  .         Warding  .     q - +0 pair of gloves
rMut   .         Stasis   .     f - +0 pair of boots
MR     .....                    (no amulet)
Stlth  +.........               (no ring)
                                (no ring)

@: not resistant to hostile enchantments, very unstealthy
A: no striking features
a: Renounce Religion


You were on level 10 of the Dungeon.
You worshipped Beogh.
Beogh was aware of your devotion.
You were not hungry.

You visited 1 branch of the dungeon, and saw 10 of its levels.

You collected 365 gold pieces.

Inventory:

Hand weapons
 a - a +0 dagger of protection
 b - a +1 hunting sling
 C - a +0 long sword
 E - a +0 hand axe
 F - a +0 broad axe (weapon)
Missiles
 c - 66 sling bullets
 j - 145 stones
 w - 5 javelins (quivered)
 D - 3 tomahawks
Armour
 f - a +0 pair of boots (worn)
 q - a +0 pair of gloves (worn)
 u - a +0 helmet (worn)
 I - a +0 cloak (worn)
 L - a +1 leather armour of cold resistance (worn)
Jewellery
 H - an uncursed ring of poison resistance {unknown}
 Q - an uncursed amulet of clarity {unknown}
 W - an uncursed amulet of warding {unknown}
Magical devices
 x - a wand of hasting (3)
 G - a wand of frost (15)
 K - a wand of confusion (11)
 O - a wand of fire (7)
 P - a wand of digging (13)
Scrolls
 d - a scroll of noise {unknown}
 h - 4 scrolls of enchant armour
 i - 4 scrolls of remove curse
 l - 9 scrolls of identify
 m - a scroll of amnesia {unknown}
 o - 3 scrolls of recharging {unknown}
 t - a scroll of teleportation {unknown}
 y - a scroll of fog {unknown}
 U - a scroll of summoning {unknown}
 V - a scroll of magic mapping {unknown}
Potions
 k - 6 potions of curing
 n - a potion of resistance {unknown}
 p - 2 potions of lignification {unknown}
 s - a potion of cancellation {unknown}
 z - a potion of might {unknown}
 A - a potion of poison {unknown}
 B - 2 potions of flight {unknown}
 J - a potion of agility {unknown}
 N - 2 potions of heal wounds {unknown}
 S - a potion of haste {unknown}
 T - a potion of invisibility {unknown}
Books
 r - a book of Power

   Spells                             Type                      Level
   a - Fulminant Prism                Conjuration/Hexes            4
   b - Iskenderun's Mystic Blast      Conjuration                  4
   c - Venom Bolt                     Conjuration/Poison           5
   d - Bolt of Magma                  Conjuration/Fire/Earth       5
   e - Iron Shot                      Conjuration/Earth            6
   f - Orb of Destruction             Conjuration                  7
   g - Spellforged Servitor           Conjuration/Summoning        7
 M - a book of the Tempests

   Spells                             Type                      Level
   a - Static Discharge               Conjuration/Air              3
   b - Lightning Bolt                 Conjuration/Air              5
   c - Fireball                       Conjuration/Fire             5
   d - Tornado                        Air                          9
   e - Shatter                        Earth                        9
 X - a book of Control

   Spells                             Type                      Level
   a - Control Teleport               Charms/Translocation         4
   b - Control Undead                 Necromancy                   4
   c - Metabolic Englaciation         Hexes/Ice                    5
   d - Mass Confusion                 Hexes                        6
Comestibles
 e - 5 bread rations
 g - 6 fruits
 v - 4 meat rations


   Skills:
 - Level 5.1 Fighting
 - Level 10.3 Axes
 - Level 3.6(4.6) Slings
 - Level 4.8(5.5) Throwing
 + Level 4.6 Armour
 - Level 1.5 Dodging
 - Level 0.7 Stealth


You had 8 spell levels left.
You didn't know any spells.

Dungeon Overview and Level Annotations

Branches:
Dungeon (10/15)            Temple (0/1) D:4
   Lair: D:8-11         Orc: D:9-12

Altars:
Ashenzari
Dithmenos
Fedhas
Nemelex Xobeh
Qazlal
Sif Muna
Xom
The Shining One

Annotations:
D:7 darkblade17's ghost, experienced TrBe


Message History

You climb downwards. 2 orcs, an orc warrior and an orc priest come into view.
The orc warrior shouts!
The orc priest shouts!
The orc shouts!
There is a stone staircase leading up here.
The worker ant misses you. The orc warrior barely misses you.
The orc falls through a shaft!
The shaft crumbles and collapses.
The worker ant completely misses you.
A gargoyle comes into view. It is wielding a mace.
The gargoyle hurls a stone arrow at you.
The stone arrow hits you!
* * * LOW HITPOINT WARNING * * *
The worker ant closely misses you.
The gargoyle hurls a stone arrow at you.
The stone arrow hits you! Beogh protects you from harm!
The worker ant bites you.
* * * LOW HITPOINT WARNING * * *
The gargoyle hurls a stone arrow at you.
The stone arrow hits you!
You die...

#.# #.# #.# # # ##o#
.# . ... #..# .##..
#..##..## ......
#......#########....#.
#.<...oo...9.......
#..#####o.a@.......
#### #....##.#...
#....# # #....# ######


You could see an orc warrior, a gargoyle, a worker ant, an orc priest and an
orc.

Vanquished Creatures
  Sigmund (D:2)
  A water moccasin (D:7)
  2 ice beasts
  4 centaurs
  A sky beast (D:6)
  Blork the orc (D:4)
  A giant frog (D:6)
  2 quasits
  3 crimson imps
  2 orc wizards
  Ijyb (D:3)
  A centaur skeleton (D:4)
  Jessica (D:2)
  Natasha (thrice) (D:3)
  2 iguanas (D:4)
  A worker ant (D:5)
  A killer bee zombie (D:7)
  Robin (D:2)
  4 adders
  3 gnolls (D:6)
  2 oozes
  An adder zombie (D:5)
  An adder skeleton (D:4)
  4 worms
  5 giant geckos
  22 orcs
  A ball python (D:1)
  2 bat skeletons
  A bat zombie (D:6)
  3 giant cockroaches
  8 hobgoblins
  6 jackals
  10 kobolds
  A quokka (D:5)
  14 bats
  A giant gecko skeleton (D:6)
  7 giant newts
  21 goblins
  A jackal skeleton (D:4)
  9 rats
156 creatures vanquished.

Vanquished Creatures (others)
  A giant newt (D:3)
1 creature vanquished.

Grand Total: 157 creatures vanquished

Notes
Turn   | Place    | Note
--------------------------------------------------------------
     0 | D:1      | vonhedlund the Hill Orc Hunter began the quest for the Orb.
     0 | D:1      | Reached XP level 1. HP: 18/18 MP: 1/1
   114 | D:1      | Reached XP level 2. HP: 20/26 MP: 2/2
   189 | D:1      | Found a glowing golden altar of the Shining One.
   430 | D:1      | Reached skill level 4 in Fighting
   508 | D:1      | Reached XP level 3. HP: 33/33 MP: 3/3
   658 | D:2      | Found a blossoming altar of Fedhas.
   699 | D:2      | Noticed Robin
   793 | D:2      | Noticed Jessica
   880 | D:2      | Noticed Sigmund
  1191 | D:2      | Killed Robin
  1191 | D:2      | Reached skill level 5 in Fighting
  1191 | D:2      | Reached XP level 4. HP: 40/42 MP: 4/4
  1368 | D:2      | Reached skill level 1 in Throwing
  1519 | D:2      | Reached XP level 5. HP: 20/48 MP: 5/5
  1806 | D:3      | Noticed Natasha
  1820 | D:3      | Killed Natasha
  1866 | D:3      | Noticed Ijyb
  1887 | D:3      | Killed Ijyb
  1974 | D:3      | Found a shimmering altar of Xom.
  1987 | D:3      | Found a shimmering altar of Xom.
  2000 | D:3      | Found a shimmering altar of Xom.
  2002 | D:3      | Found a shimmering altar of Xom.
  2014 | D:3      | Found a shimmering altar of Xom.
  2014 | D:3      | Found a shimmering altar of Xom.
  2014 | D:3      | Found a shimmering altar of Xom.
  2030 | D:3      | Noticed Natasha
  2040 | D:3      | Killed Natasha
  2095 | D:3      | Noticed Natasha
  2105 | D:3      | Killed Natasha
  2181 | D:3      | Reached XP level 6. HP: 30/56 MP: 6/6
  2332 | D:3      | Became a worshipper of Beogh the Brigand
  2422 | D:4      | Noticed Blork the orc
  2499 | D:4      | Killed Blork the orc
  2683 | D:4      | Reached skill level 1 in Axes
  2715 | D:4      | Found a staircase to the Ecumenical Temple.
  3107 | D:4      | Found a deep blue altar of Sif Muna.
  3270 | D:4      | Reached XP level 7. HP: 17/61 MP: 7/7
  3444 | D:5      | Entered Level 5 of the Dungeon
  3599 | D:5      | Reached skill level 5 in Axes
  3719 | D:5      | Found a shattered altar of Ashenzari.
  3970 | D:5      | Reached skill level 6 in Axes
  4251 | D:5      | Reached skill level 7 in Axes
  4365 | D:5      | Reached skill level 8 in Axes
  4365 | D:5      | Reached XP level 8. HP: 60/68 MP: 8/8
  4537 | D:6      | Found a shadowy altar of Dithmenos.
  4761 | D:6      | Found a stormy altar of Qazlal.
  4813 | D:6      | Reached skill level 9 in Axes
  5038 | D:6      | Found a sparkling altar of Nemelex Xobeh.
  5204 | D:7      | Noticed darkblade17's ghost (experienced TrBe)
  5427 | D:2      | Killed Sigmund
  5427 | D:2      | Reached skill level 10 in Axes
  5693 | D:2      | Acquired Beogh's first power
  5720 | D:2      | Killed Jessica
  5720 | D:2      | Reached skill level 1 in Armour
  6382 | D:8      | Reached XP level 9. HP: 26/74 MP: 9/9
  6385 | D:8      | HP: 3/74 [poisoned by an orc]
  6462 | D:10     | Entered Level 10 of the Dungeon
  6467 | D:10     | Noticed a gargoyle
  6471 | D:10     | Beogh protects you from harm!
  6472 | D:10     | Killed from afar by a gargoyle

Vault maps used:
D:1:      eino_arrival_cavern_e, tso_metal_star
D:2:      lemuel_doored_altar, kennysheep_cluttered_room, uniq_jessica,
          uniq_sigmund, uniq_robin
D:3:      xom_redecorated, uniq_natasha, uniq_iyjb
D:4:      tgw_sif, minmay_temple_entry_nine_rooms, nrook_mini_vaults,
          uniq_blork_the_orc
D:5:      cheibrodos_ashenzari_chains, first_bread
D:6:      overflow_temple_1_default, nemelex_deck, grunt_qazlal_sundering
D:8:      erik_lair_orcish_takeover
D:9:      old_standard_altar
D:10:     minmay_smoke_and_mirrors, grunt_pizzeria

Action                   |  1- 3 |  4- 6 |  7- 9 || total
-------------------------+-------+-------+-------++-------
Melee: Short sword       |    26 |       |       ||    26
       Dagger            |    23 |   110 |    23 ||   156
       Broad axe         |       |       |   175 ||   175
 Fire: Hunting sling     |    70 |   154 |   129 ||   353
Throw: Javelin           |       |    29 |    22 ||    51
       Tomahawk          |       |     3 |    10 ||    13
       Stone             |       |       |    21 ||    21
Invok: Convert to Beogh  |       |     1 |       ||     1
Evoke: Wand              |       |       |     2 ||     2
  Use: Scroll            |       |     4 |     1 ||     5
       Potion            |       |     1 |     1 ||     2
 Stab: Sleeping          |     1 |       |       ||     1
  Eat: Chunk             |     1 |     5 |     8 ||    14
       Pizza             |       |     1 |       ||     1
       Fruit             |       |       |     1 ||     1
       Beef jerky        |       |       |     1 ||     1
